 Dungeon Crawl Stone Soup version 0.16.1-4-g8e1b745 (console) character file.

7 gw the Charlatan (level 1, -14/12 HPs)
             Began as a Deep Elf Artificer on Mar 28, 2015.
             Killed themself with a badly aimed fireball (16 damage)
             ... on level 1 of the Dungeon.
             The game lasted 00:00:28 (437 turns).

gw the Charlatan (Deep Elf Artificer)                Turns: 437, Time: 00:00:28

Health: -14/12     AC:  3    Str:  8    XL:     1   Next: 83%
Magic:  2/2        EV: 12    Int: 16    God:
Gold:   14         SH:  0    Dex: 15    Spells: 0 memorised, 0 levels left

rFire  . . .     SeeInvis .     a - +0 short sword
rCold  . . .     Clarity  .     e - +0 leather armour
rNeg   . . .     SustAb   .     (no shield)
rPois  .         Gourm    .     (no helmet)
rElec  .         Spirit   .     (no cloak)
rCorr  .         Warding  .     (no gloves)
rMut   .         Stasis   .     (no boots)
MR     .....                    (no amulet)
Stlth  ++........               (no ring)
                                (no ring)

@: not resistant to hostile enchantments, unstealthy
A: no striking features
a: no special abilities


You were on level 1 of the Dungeon.
You were not hungry.

You visited 1 branch of the dungeon, and saw 1 of its levels.

You collected 14 gold pieces.

Inventory:

Hand weapons
 a - a +0 short sword (weapon)
Armour
 e - a +0 leather armour (worn)
Magical devices
 b - a wand of flame (15)
 c - a wand of enslavement (15)
 d - a wand of random effects (14)
Scrolls
 i - a scroll of fog {unknown}
Potions
 g - a potion of beneficial mutation {unknown}
Comestibles
 f - a bread ration
 h - a royal jelly


   Skills:
 + Level 1.1 Fighting
 * Level 1.4 Short Blades
 + Level 2.6 Dodging
 - Level 1.2 Stealth
 - Level 3.2 Evocations


You couldn't memorise any spells.
You didn't know any spells.

Dungeon Overview and Level Annotations

Branches:
Dungeon (1/15)

Altars:


Message History

Unknown command.
Unknown command.
Evoke which item? (* to show all) (? for menu, Esc to quit)
Zapping:
d - a wand of random effects (15)
Press: ? - help, Shift-Dir - straight line, f - goblin
Aim: a goblin, wielding a club (severely wounded)
The goblin appears confused.
This wand has 14 charges left.
Unknown command.
Unknown command.
Unknown command.
Unknown command.
Evoke which item? (* to show all) (? for menu, Esc to quit)
Zapping:
d - a wand of random effects (14)
Press: ? - help, Shift-Dir - straight line, f/p - goblin
Aim: a goblin, wielding a club (severely wounded, bewildered and confused)
The fireball explodes!
The fireball engulfs the goblin.
You kill the goblin!
The fireball engulfs you!
Ouch! That really hurt!
You die...

###### ......#
.......# #.......#
#.......#
#.......#############
#.......'........>...
#.......####........!.
#.......# #.e.....?..
#.......# #.)........
#.......# #(........
######'## #.........
###'#####.........
#......##........
#######......##.......
...(..)(.....##......
.######......##...


There were no monsters in sight!

Table legend:
 A = Turns spent in this place as a percentage of turns spent in the entire game.
 B = Non-inter-level travel turns spent in this place as a percentage of non-inter-level travel turns spent in the entire game.
 C = Inter-level travel turns spent in this place as a percentage of turns spent in this place.
 D = Turns resting spent in this place as a percentage of non-inter-level travel turns spent in this place.
 E = Turns spent auto-exploring this place as a percentage of non-inter-level travel turns spent in this place.
 F = Non-inter-level travel turns spent in this place divided by the number of levels of this place that you've seen.
                   A       B       C       D       E      F
               +-------+-------+-------+-------+-------+----------------------
         Total | 100.0 | 100.0 |   2.7 |   1.2 |   2.5 | 673.0
       Dungeon | 100.0 | 100.0 |   2.7 |   1.2 |   2.5 | 673.0
               +-------+-------+-------+-------+-------+----------------------

Table legend:
 A = Kills in this place as a percentage of kills in entire the game.
 B = Kills by you in this place as a percentage of kills by you in the entire game.
 C = Kills by friends in this place as a percentage of kills by friends in the entire game.
 D = Other kills in this place as a percentage of other kills in the entire game.
 E = Experience gained in this place as a percentage of experience gained in the entire game.
 F = Experience gained in this place divided by the number of levels of this place that you have seen.
                   A       B       C       D       E      F
               +-------+-------+-------+-------+-------+----------------------
         Total | 100.0 | 100.0 |  -nan |  -nan | 100.0 |  10.0
       Dungeon | 100.0 | 100.0 |  -nan |  -nan | 100.0 |  10.0
               +-------+-------+-------+-------+-------+----------------------

Vanquished Creatures
  A hobgoblin (D:1)
  2 bats (D:1)
  2 goblins (D:1)
  A kobold (D:1)
  A rat (D:1)
7 creatures vanquished.

Notes
Turn   | Place    | Note
--------------------------------------------------------------
     0 | D:1      | gw, the Deep Elf Artificer, began the quest for the Orb.
     0 | D:1      | Reached XP level 1. HP: 11/11 MP: 2/2
   102 | D:1      | Reached skill level 1 in Fighting
   437 | D:1      | Killed themself with a badly aimed fireball

Action                   || total
-------------------------++-------
Melee: Short sword       ||    23
Evoke: Wand              ||     1

Vault maps used:
D:1:      dpeg_arrival_circle_labyrinth_c
